 Dungeon Crawl Stone Soup version 0.23-a0-741-g38971ea054 (webtiles) character file.

2849043 Crom the Conqueror (level 27, 271/271 (273) HPs)
             Began as a Minotaur Gladiator on Jan 18, 2019.
             Was the Champion of Okawaru.
             Escaped with the Orb
             ... and 5 runes on Jan 19, 2019!
             The game lasted 06:29:45 (85872 turns).

Crom the Conqueror (Minotaur Gladiator)            Turns: 85872, Time: 06:29:46

HP:   271/271 (273) AC: 49    Str: 28    XL:     27
MP:   27/27         EV: 19    Int: 10    God:    Okawaru [******]
Gold: 4191          SH:  0    Dex: 13    Spells: 15/26 levels left

rFire    + + +     SeeInvis +   E - +9 executioner's axe (freeze)
rCold    + + .     Gourm    .   (shield currently unavailable)
rNeg     + . .     Faith    .   r - +11 gold dragon scales
rPois    +         Spirit   +   X - -1 hat "Punoxtol" {rElec Regen+}
rElec    +         Reflect  .   t - scarf {rC+ rF+}
rCorr    .         Harm     .   w - +2 pair of gloves of the Nine Coins {rF+}
MR       +++..                  m - +2 pair of boots {run}
Stlth    ..........             S - amulet of guardian spirit
HPRegen  0.95/turn              l - ring of protection from magic
MPRegen  0.20/turn              a - ring "Erihuosyly" {rN+ Str+2 Int+4 Slay+3 SInv}

@: quick
A: retaliatory headbutt, horns 2, icy blue scales 1, molten scales 1, blurry
vision 1, clumsy 1, dopey 1, screaming 1, MP-powered wands
0: Orb of Zot
}: 5/15 runes: decaying, serpentine, slimy, silver, abyssal
a: Heroism, Finesse, Renounce Religion


You escaped.
You worshipped Okawaru.
Okawaru was exalted by your worship.
You were very full.

You visited 12 branches of the dungeon, and saw 58 of its levels.
You visited the Abyss 1 time.
You also visited: Sewer, Ossuary, Bailey, Gauntlet and Wizlab.

You collected 10213 gold pieces.
You spent 6022 gold pieces at shops.

Inventory:

Hand Weapons
 E - a +9 executioner's axe of freezing (weapon)
   (Okawaru gifted it to you on level 14 of the Dungeon)
 Q - the +8 longbow "Mumuj" {velocity, rC+ Str-2 Int+3}
   (Okawaru gifted it to you on level 5 of the Vaults)

   Any arrow fired from it inflicts extra damage.
   It affects your strength (-2).
   It affects your intelligence (+3).
   It protects you from cold.
Missiles
 T - 8 throwing nets (quivered) {!f}
 Y - 1471 arrows
Armour
 m - a +2 pair of boots of running (worn)
   (You acquired it on level 15 of the Dungeon)
 r - +11 gold dragon scales (worn)
   (You found it on level 5 of the Vaults)
 t - a scarf of resistance (worn)
   (Okawaru gifted it to you on level 3 of the Elven Halls)
 w - the +2 pair of gloves of the Nine Coins (worn) {rF+}
   (You bought it in a shop on level 2 of the Orcish Mines)

   It protects you from fire.
 K - the +1 pair of gloves of the Past {rPois}
   (Okawaru gifted it to you on level 1 of the Realm of Zot)

   It protects you from poison.
 X - the -1 hat "Punoxtol" (worn) {rElec Regen+}
   (Okawaru gifted it to you on level 1 of the Vaults)

   It insulates you from electricity.
   It increases your rate of regeneration.
Jewellery
 a - the ring "Erihuosyly" (right hand) {rN+ Str+2 Int+4 Slay+3 SInv}
   (You found it in a Gauntlet)

   [ring of intelligence]

   It affects your strength (+2).
   It affects your intelligence (+4).
   It affects your accuracy and damage with ranged weapons and melee attacks
   (+3).
   It protects you from negative energy.
   It lets you see invisible.
 h - a cursed ring of flight
   (You found it on level 4 of the Depths)
 i - an uncursed ring of protection from fire
   (You took it off a deep elf mage on level 3 of the Elven Halls)
 l - a ring of protection from magic (left hand)
   (You found it on level 3 of the Lair of Beasts)
 o - an uncursed ring of protection from cold
   (You found it on level 11 of the Dungeon)
 I - an uncursed ring of protection from magic
   (You bought it in a shop on level 1 of the Snake Pit)
 S - an amulet of guardian spirit (around neck)
   (You found it on level 4 of the Depths)
Wands
 c - a wand of disintegration (23)
   (You found it on level 3 of the Swamp)
 d - a wand of iceblast (67)
   (You took it off an orc warrior on level 7 of the Dungeon)
 u - a wand of paralysis (14)
   (You bought it in a shop on level 4 of the Dungeon)
 v - a wand of digging (9)
   (You found it on level 1 of the Abyss)
 x - a wand of acid (50)
   (You took it off a crimson imp on level 8 of the Dungeon)
 L - a wand of polymorph (10)
   (You found it on level 5 of the Pits of Slime)
 W - a wand of clouds (5)
   (You found it in a Gauntlet)
Scrolls
 f - 25 scrolls of remove curse {@r2}
 j - 24 scrolls of teleportation {@r4}
 n - 2 scrolls of summoning
 s - 6 scrolls of fear
 y - 8 scrolls of blinking
 z - 8 scrolls of identify {@r1}
 B - 12 scrolls of immolation {!r}
 G - a scroll of vulnerability {!r}
 H - 4 scrolls of enchant weapon
 P - 16 scrolls of magic mapping
 V - 6 scrolls of fog
Potions
 b - 21 potions of curing {@q1}
 g - 7 potions of lignification {!q}
 k - 10 potions of mutation {!q}
 p - 17 potions of agility
 q - 3 potions of heal wounds {@q2}
 A - 7 potions of haste {@q3}
 C - 4 potions of cancellation
 J - 3 potions of resistance
 M - 7 potions of might
 N - 4 potions of invisibility
Miscellaneous
 D - a lamp of fire
   (You found it on level 3 of the Elven Halls)
 F - 2 phantom mirrors
 O - a fan of gales
   (You found it on level 3 of the Crypt)
 U - a lightning rod (4/4) {!a}
   (You found it on level 5 of the Lair of Beasts)
 Z - a phial of floods
   (You found it on level 2 of the Vaults)
Comestibles
 e - 68 rations {!d}


   Skills:
 O Level 27 Fighting
 - Level 26.0 Axes
 - Level 20.0 Bows
   Level 4.8 Crossbows
 - Level 2.0 Throwing
 O Level 27 Armour
 + Level 24.3 Dodging
 - Level 15.0 Stealth
 - Level 7.2 Charms
 + Level 7.1 Necromancy
 - Level 5.0 Transmutations
 - Level 5.0 Earth Magic
 - Level 7.0 Invocations
 - Level 6.0 Evocations


You had 15 spell levels left.
You knew the following spells:

 Your Spells              Type           Power        Failure   Level  Hunger
e - Regeneration          Chrm/Necr      ##........   34%         3    ####...
q - Passwall              Tmut/Erth      ##......     38%         2    ###....
s - Swiftness             Chrm/Air       #.......     58%         2    ###....
v - Passage of Golubria   Tloc           N/A          100%        4    #####..

Your spell library contained the following spells:

 Spells                   Type           Power        Failure   Level  Hunger
 Animate Skeleton         Necr           N/A          12%         1    ##.....
 Pain                     Necr           ##..         12%         1    ##.....
 Sublimation of Blood     Necr           ##........   17%         2    ###....
 Beastly Appendage        Tmut           ##....       28%         1    ##.....
 Vampiric Draining        Necr           ##........   34%         3    ####...
 Sticks to Snakes         Tmut           ##......     38%         2    ###....
 Shroud of Golubria       Chrm/Tloc      #.........   58%         2    ###....
 Animate Dead             Necr           N/A          75%         4    #####..
 Ozocubu's Armour         Chrm/Ice       #.......     83%         3    ####...
 Apportation              Tloc           #.....       91%         1    ##.....
 Confusing Touch          Hex            #.....       91%         1    ##.....
 Corona                   Hex            #......      91%         1    ##.....
 Flame Tongue             Conj/Fire      #....        91%         1    ##.....
 Freeze                   Ice            #...         91%         1    ##.....
 Magic Dart               Conj           #...         91%         1    ##.....
 Shock                    Conj/Air       #...         91%         1    ##.....
 Sting                    Conj/Pois      #...         91%         1    ##.....
 Summon Butterflies       Summ           #.......     91%         1    ##.....
 Spider Form              Tmut/Pois      #.........   93%         3    ####...
 Petrify                  Tmut/Erth      ##......     95%         4    #####..
 Blink                    Tloc           N/A          97%         2    ###....
 Ensorcelled Hibernation  Hex/Ice        #.....       97%         2    ###....
 Poisonous Vapours        Pois/Air       #.....       97%         2    ###....
 Searing Ray              Conj           #.....       97%         2    ###....
 Slow                     Hex            #.......     97%         2    ###....
 Throw Frost              Conj/Ice       #.....       97%         2    ###....
 Ignite Poison            Fire/Tmut/Pois #.......     97%         3    ####...
 Agony                    Necr           ##......     97%         5    ######.
 Dispel Undead            Necr           ##......     97%         5    ######.
 Confuse                  Hex            #.......     100%        3    ####...
 Conjure Flame            Conj/Fire      #.......     100%        3    ####...
 Dazzling Spray           Conj/Hex       #.....       100%        3    ####...
 Gell's Gravitas          Tloc           #.........   100%        3    ####...
 Inner Flame              Hex/Fire       #.......     100%        3    ####...
 Lesser Beckoning         Tloc           #.........   100%        3    ####...
 Mephitic Cloud           Conj/Pois/Air  #.......     100%        3    ####...
 Portal Projectile        Hex/Tloc       #.....       100%        3    ####...
 Recall                   Summ/Tloc      N/A          100%        3    ####...
 Static Discharge         Conj/Air       #.......     100%        3    ####...
 Teleport Other           Tloc           #.......     100%        3    ####...
 Tukima's Dance           Hex            #.......     100%        3    ####...
 Airstrike                Air            #.........   100%        4    #####..
 Cause Fear               Hex            #.........   100%        4    #####..
 Force Lance              Conj/Tloc      #.......     100%        4    #####..
 Fulminant Prism          Conj/Hex       #.........   100%        4    #####..
 Ice Form                 Ice/Tmut       #.......     100%        4    #####..
 Iskenderun's Mystic Bla  Conj           #.......     100%        4    #####..
 Leda's Liquefaction      Hex/Erth       #.........   100%        4    #####..
 Olgreb's Toxic Radiance  Pois           #.......     100%        4    #####..
 Summon Ice Beast         Ice/Summ       #.......     100%        4    #####..
 Summon Lightning Spire   Summ/Air       #.......     100%        4    #####..
 Throw Icicle             Conj/Ice       #.......     100%        4    #####..
 Alistair's Intoxication  Tmut/Pois      #.......     100%        5    ######.
 Aura of Abjuration       Summ           #.........   100%        5    ######.
 Blade Hands              Tmut           ##........   100%        5    ######.
 Bolt of Draining         Conj/Necr      #.........   100%        5    ######.
 Irradiate                Conj/Tmut      #.........   100%        5    ######.
 Lee's Rapid Deconstruct  Erth           ##........   100%        5    ######.
 Lightning Bolt           Conj/Air       #.........   100%        5    ######.
 Metabolic Englaciation   Hex/Ice        #.........   100%        5    ######.
 Silence                  Hex/Air        #.........   100%        5    ######.
 Summon Demon             Summ           #.........   100%        5    ######.
 Summon Forest            Summ/Tloc      #.........   100%        5    ######.
 Summon Mana Viper        Hex/Summ       #.......     100%        5    ######.
 Venom Bolt               Conj/Pois      #.........   100%        5    ######.
 Yara's Violent Unravell  Hex/Tmut       #.........   100%        5    ######.
 Bolt of Cold             Conj/Ice       #.........   100%        6    #######
 Conjure Ball Lightning   Conj/Air       #.........   100%        6    #######
 Darkness                 Hex            #.........   100%        6    #######
 Deflect Missiles         Chrm/Air       #.........   100%        6    #######
 Freezing Cloud           Conj/Ice/Air   #.........   100%        6    #######
 Hydra Form               Tmut           ##........   100%        6    #######
 Invisibility             Hex            #.......     100%        6    #######
 Ozocubu's Refrigeration  Ice            #.........   100%        6    #######
 Shadow Creatures         Summ           N/A          100%        6    #######
 Simulacrum               Ice/Necr       #.........   100%        6    #######
 Statue Form              Tmut/Erth      ##.......    100%        6    #######
 Dragon Form              Tmut           ##........   100%        7    #######
 Ring of Flames           Chrm/Fire      #.........   100%        7    #######
 Spellforged Servitor     Conj/Summ      #.........   100%        7    #######
 Discord                  Hex            #.........   100%        8    #######
 Ignition                 Fire           #.........   100%        8    #######
 Dragon's Call            Summ           #.........   100%        9    #######
 Shatter                  Erth           ##........   100%        9    #######
 Tornado                  Air            #.........   100%        9    #######


Dungeon Overview and Level Annotations

Branches:
Dungeon (15/15)            Temple (1/1) D:5            Lair (6/6) D:8
  Swamp (4/4) Lair:4        Snake (4/4) Lair:4        Slime (5/5) Lair:5
    Orc (2/2) D:10            Elf (3/3) Orc:2        Vaults (5/5) D:14
  Crypt (3/3) Vaults:3       Tomb (0/3) Crypt:3      Depths (5/5) D:15
    Zot (5/5) Depths:5

Altars:
Ashenzari
Cheibriados
Dithmenos
Elyvilon
Fedhas
Gozag
Hepliaklqana
Kikubaaqudgha
Makhleb
Nemelex Xobeh
Okawaru
Qazlal
Ru
Sif Muna
Trog
Uskayaw
Vehumet
Wu Jian
Xom
Yredelemnul
Zin
The Shining One
Beogh
Jiyva

Shops:
D:4 *[!}(   D:10 !   Orc:1 *   Orc:2 }%[*=   Elf:3 *   Snake:1 =(   Snake:4 :(
Vaults:4 [   Depths:4 *

Portals:
Hell: Depths:1 Depths:2 Depths:3 Depths:4 Depths:5
Abyss: Depths:4
Pandemonium: Orc:2 Depths:2 Depths:3 Depths:5
Ziggurat: Depths:4

Annotations:
Elf:3 1 exclusion
Depths:1 exclusion: orange crystal statue


Innate Abilities, Weirdness & Mutations

You reflexively headbutt those who attack you in melee.
You have a pair of horns on your head.
You are partially covered in icy blue scales. (AC +2)
You are partially covered in molten scales. (AC +2)
Scrolls take you a little longer to read.
You are clumsy. (Dex -2)
You are dopey. (Int -2)
You occasionally shout uncontrollably at your foes.
You expend magic power (3 MP) to strengthen your wands.


Message History

The poison arrow misses you.
Your surroundings suddenly seem different.
There is a stone staircase leading up here.
You climb upwards.
There is a stone staircase leading down here.
(D) Dungeon (T) Temple (L) Lair (S) Swamp (P) Snake Pit (M) Slime Pits (O) Orcish Mines (E) Elven Halls (V) Vaults (C) Crypt (W) Tomb (U) Depths (H) Hell (Z) Zot
Where to? (Enter - D:6 @ (x,y), ? - help)
You climb downwards.
There is a stone staircase leading up here.
(D) Dungeon (T) Temple (L) Lair (S) Swamp (P) Snake Pit (M) Slime Pits (O) Orcish Mines (E) Elven Halls (V) Vaults (C) Crypt (W) Tomb (U) Depths (H) Hell (Z) Zot
Where to? (Enter - D:6 @ (x,y), ? - help) You're already here!
(D) Dungeon (T) Temple (L) Lair (S) Swamp (P) Snake Pit (M) Slime Pits (O) Orcish Mines (E) Elven Halls (V) Vaults (C) Crypt (W) Tomb (U) Depths (H) Hell (Z) Zot
Where to? (Enter - D:6 @ (x,y), ? - help)
What level of the Dungeon? (default 1, ? - help)
You climb upwards.
There is a stone staircase leading down here.
There is a stone staircase leading up here.
You climb upwards.
There is a stone staircase leading down here.
There is a stone staircase leading up here.
You climb upwards.
There is a stone staircase leading down here.
There is a stone staircase leading up here.
You climb upwards.
There is a stone staircase leading down here.
There is a stone staircase leading up here.
You climb upwards.
There is a stone staircase leading down, spattered with blood here.
You begin reading the scroll.
You continue reading the scroll.
As you read the scroll of teleportation {@r4}, it crumbles to dust.
You feel strangely unstable.
You feel the Orb delaying your translocation!
Your surroundings suddenly seem different.
You begin reading the scroll.
You continue reading the scroll.
As you read the scroll of teleportation {@r4}, it crumbles to dust.
You feel strangely unstable.
You feel the Orb delaying your translocation!
Your surroundings suddenly seem different.
There is a staircase leading out of the dungeon here.
You have escaped!

###......................###
##...##.####.####.####.#....##
#..###...##...##...##...###..#
#.## #.⌠.##.⌠.##.⌠.##.⌠.# ##.#
#.####...##...##...##...####.#
#[..###.####.####.####.###..†#
#.⌠.###.####.####.####.###.⌠.#
#.....†......................#
##.##..........@.........##.##
#........................)...#
#.⌠.###.####.####.####.###.⌠.#
#...###.####.####.####.###...#
#.####...##...##...##...####.#
#.## #.⌠.##.⌠.##.⌠.##.⌠.# ##.#
#..###.).##...##...##...###..#
##...##.####.####.####.##...##
###....†......÷..........###


There were no monsters in sight!

Vanquished Creatures
  the Royal Jelly (Slime:5)
  6 orbs of fire (Zot:5)
  4 ancient liches
  Frederick (Depths:3)
  Bai Suzhen (Crypt:2)
  2 caustic shrikes (shapeshifter) (Depths:3)
  5 Killer Klowns
  Saint Roka (Crypt:3)
  Vashnia (Snake:2)
  Margery (Vaults:4)
  A caustic shrike (Depths:2)
  Nikola (Snake:4)
  9 golden dragons
  Jory (Crypt:1)
  3 bone dragons
  The ghost of Zaor the Victor of a Thousand Battles, an adept GnSk of Okawaru (Vaults:1)
  3 electric golems
  the Enchantress (Depths:4)
  The ghost of iamserjio the Warrior, an adept OpWn of Nemelex Xobeh (Depths:1)
  15 tentacled monstrosities
  A shard shrike skeleton (Crypt:2)
  9 liches
  8 quicksilver dragons
  The ghost of Vutif the Impaler, an adept FoFi of Cheibriados (Snake:3)
  25 Orb Guardians (Zot:5)
  A titan (Vaults:5)
  2 deep elf master archers (Elf:3)
  3 sphinxes
  20 acid blobs
  3 deep elf blademasters
  5 tentacled starspawn
  16 storm dragons
  A shadow dragon (shapeshifter) (Depths:3)
  5 thorn hunters
  Kirke (Lair:4)
  10 draconian monks
  Gastronok (Lair:1)
  13 ancient champions
  5 death cobs
  5 tengu reavers
  4 revenants (Crypt:3)
  11 fire giants
  20 azure jellies
  14 shadow dragons
  14 nagarajas
  10 draconian knights
  9 draconian scorchers
  A ghost moth (shapeshifter) (Depths:1)
  12 frost giants
  6 ghost moths
  An iron dragon (Depths:2)
  17 vault wardens
  4 deep elf sorcerers
  13 ironheart preservers
  5 draconian shifters
  3 draconian stormcallers
  6 deep elf elementalists (Elf:3)
  9 ghouls
  A stone giant (shapeshifter) (Vaults:5)
  35 very ugly things
  6 spriggan defenders
  The ghost of Fandomethor the Peltast, an adept VSFi of Okawaru (Snake:1)
  6 draconian annihilators
  15 stone giants
  5 war gargoyles
  2 entropy weavers
  7 green draconians
  An ophan (Abyss:1)
  13 vampire knights
  A lorocyproca (Abyss:1)
  7 deep elf demonologists
  3 red draconians
  Azrael (Snake:2)
  13 purple draconians
  13 white draconians
  8 yellow draconians
  6 deep elf annihilators
  8 black draconians
  A minotaur (Gauntlet)
  8 deep elf death magi
  6 eidola
  3 blizzard demons
  15 death oozes
  10 ettins
  9 crystal guardians (Depths:3)
  7 fire dragons
  3 deep elf high priests
  A merfolk impaler (Abyss:3)
  14 yaktaur captains
  16 jiangshi
  A fire dragon (shapeshifter) (D:15)
  A great orb of eyes (shapeshifter) (Depths:4)
  7 rakshasas
  31 vault guards
  16 great orbs of eyes
  26 hydras
  16 naga warriors
  Harold (D:7)
  Erolcha (D:10)
  Fannar (D:10)
  9 ice dragons
  A hydra (shapeshifter) (Depths:3)
  2 catoblepae (Lair:6)
  Erica (D:10)
  8 shambling mangroves
  A hell beast (Depths:4)
  5 spriggan air magi
  9 anacondas
  An anaconda (shapeshifter) (Depths:3)
  8 centaur warriors
  9 death knights
  7 deep troll shamans
  40 dancing weapons
  5 satyrs (Depths:4)
  13 alligators
  2 juggernaut simulacra (Depths:1)
  6 small abominations
  18 ogre magi
  40 two-headed ogres
  5 tengu warriors
  17 death yaks
  4 deep troll earth magi
  14 vampire magi
  34 deep elf knights
  2 thrashing horrors (Abyss:1)
  5 orc high priests (Orc:2)
  13 naga sharpshooters
  3 spriggan berserkers (Depths:5)
  2 shock serpents (shapeshifter)
  4 shock serpents
  12 spriggans
  A storm dragon zombie (Crypt:3)
  3 sixfirhies
  34 skeletal warriors
  2 storm dragon skeletons
  10 sea snakes (Snake:4)
  10 hell knights
  An iron troll (Depths:2)
  6 wretched stars
  4 shadow wraiths
  2 salamander mystics
  A death drake (shapeshifter) (Vaults:2)
  A quicksilver dragon simulacrum (Crypt:2)
  A spriggan druid (Swamp:2)
  A gelid demonspawn (Orc:2)
  A ghost moth zombie (Crypt:2)
  A spark wasp zombie (Depths:1)
  An infernal demonspawn (Orc:2)
  7 wizards
  7 flayed ghosts
  6 naga ritualists
  A torturous demonspawn (Depths:2)
  22 deep trolls
  10 glowing orange brains
  A spatial maelstrom (Abyss:3)
  5 unseen horrors
  9 necromancers
  Pikel (D:6)
  A lindwurm (shapeshifter) (Depths:3)
  4 obsidian statues (Depths:3)
  10 swamp dragons
  2 anaconda skeletons
  20 deep elf archers
  4 harpies (Vaults:4)
  A lindwurm (Lair:6)
  A harpy (shapeshifter) (Depths:4)
  16 phantasmal warriors
  14 ironbrand convokers
  A mana viper (shapeshifter) (Vaults:2)
  46 ugly things
  A sphinx zombie (Crypt:3)
  2 manticores (Lair:6)
  7 salamanders
  A wolf spider zombie (Crypt:1)
  4 oklob plants (Lair:4)
  16 orc knights
  3 shining eyes
  5 wolf spiders
  8 orc sorcerers
  7 fire giant zombies
  9 mana vipers
  A tengu skeleton (Depths:1)
  A frost giant zombie (Crypt:1)
  73 deep elf magi
  5 fauns (Depths:4)
  2 worldbinders
  A moth of wrath (shapeshifter) (Depths:3)
  8 elephants (Lair:6)
  9 cyclopes
  31 moths of wrath
  A dire elephant zombie (Crypt:3)
  6 guardian serpents
  3 molten gargoyles (Depths:3)
  A frost giant skeleton (Crypt:3)
  2 water nymphs (Depths:4)
  17 naga magi
  A rust devil (Depths:4)
  An apocalypse crab (Abyss:2)
  3 stone giant skeletons
  2 eyes of devastation (shapeshifter) (Depths:3)
  A black mamba (shapeshifter) (Vaults:5)
  3 eyes of devastation
  37 black mambas
  22 vault sentinels
  A torpor snail (Lair:6)
  2 gargoyles
  5 centaur skeletons
  The ghost of hemabe the Charlatan, a novice HuAr of Trog (D:4)
  14 spiny frogs
  7 smoke demons
  3 orange demons
  6 komodo dragons
  2 sea snake zombies (Crypt:3)
  9 freezing wraiths
  6 kobold demonologists
  5 rime drakes
  A rime drake (shapeshifter) (Vaults:1)
  A tengu conjurer (Depths:4)
  A redback zombie (Crypt:1)
  A yaktaur (shapeshifter) (Depths:3)
  36 yaktaurs
  3 ice devils
  6 efreet
  A hydra zombie (Abyss:2)
  5 guardian mummies (Crypt:3)
  4 hellwings
  A red devil (Depths:4)
  3 ancient zymes
  12 tyrant leeches
  7 trolls
  A sea snake skeleton (Crypt:1)
  2 jumping spiders (shapeshifter)
  A merfolk (D:9)
  2 polar bears
  A wind drake (shapeshifter) (Depths:3)
  2 polar bears (shapeshifter)
  A hornet (shapeshifter) (Vaults:2)
  37 hornets
  2 hydra skeletons
  A wind drake (Depths:3)
  6 raiju
  Prince Ribbit (D:7)
  A wolf spider simulacrum (Crypt:3)
  8 bog bodies
  A raiju (shapeshifter) (Vaults:2)
  19 blink frogs
  A dream sheep (shapeshifter) (Depths:3)
  2 dream sheep (Lair:6)
  An ice dragon zombie (Crypt:1)
  82 slime creatures
  A spectral black mamba (Snake:3)
  9 hippogriffs
  An ettin zombie (Crypt:3)
  A human simulacrum (Vaults:1)
  A frost giant simulacrum (Depths:1)
  13 large abominations
  A hippogriff (shapeshifter) (Vaults:3)
  2 redbacks (Vaults:3)
  An alligator skeleton (Crypt:2)
  A fire giant simulacrum (Crypt:3)
  10 air elementals
  6 flying skulls (Crypt:1)
  5 vampires (Crypt:3)
  3 ynoxinuls
  A spriggan (shapeshifter) (D:15)
  5 wyverns
  14 wraiths
  6 shadows
  4 basilisks
  2 hogs (shapeshifter)
  5 hogs (Lair:4)
  4 spectral nagas (Snake:3)
  13 fire elementals
  2 humans (D:7)
  49 yaks
  3 neqoxecs
  10 water elementals
  2 golden eyes (Slime:3)
  5 chaos spawn
  A steam dragon (Lair:4)
  A catoblepas simulacrum (Crypt:1)
  2 golden eyes (shapeshifter)
  4 hungry ghosts
  17 vampire mosquitoes
  50 nagas
  18 swamp worms
  15 insubstantial wisps
  10 water moccasins
  6 wargs
  A floating eye (Depths:2)
  4 acid dragons
  5 porcupines
  13 hell hounds
  48 orc warriors
  4 ice beasts
  3 black bears
  3 phantoms
  4 sky beasts
  An alligator simulacrum (Crypt:2)
  3 eyes of draining
  17 swamp drakes
  A black mamba simulacrum (Snake:3)
  26 ogres
  15 boggarts
  2 necrophages
  13 crocodiles
  6 wolves (Crypt:1)
  27 centaurs
  A swamp dragon skeleton (Crypt:3)
  A hog skeleton (Crypt:3)
  4 elf zombies
  6 big kobolds
  18 bullfrogs
  2 wyvern zombies
  A salamander skeleton (Crypt:2)
  15 earth elementals
  A draconian skeleton (Crypt:1)
  2 wyvern skeletons (D:8)
  8 scorpions
  5 killer bees (D:10)
  A water moccasin skeleton (D:12)
  6 howler monkeys
  2 naga simulacra (Snake:3)
  A polar bear skeleton (Crypt:2)
  9 wights
  A troll skeleton (Crypt:1)
  6 electric eels
  5 crimson imps
  5 centaur zombies
  6 hounds
  5 quasits
  10 jellies
  25 starcursed masses (Abyss:1)
  A human skeleton (Abyss:1)
  5 human zombies
  36 orc priests
  3 bullfrog skeletons
  22 orc wizards
  A gnoll shaman (D:5)
  Jessica (D:2)
  A black bear skeleton (Crypt:2)
  3 iron imps (Abyss:1)
  6 iguanas
  2 lightning spires (Abyss:3)
  11 worker ants
  An ogre zombie (Crypt:1)
  3 big kobold zombies (Ossuary)
  A felid zombie (Crypt:2)
  A big kobold skeleton (Crypt:1)
  2 hound zombies
  A hound skeleton (D:11)
  A howler monkey zombie (D:6)
  11 mummies
  23 adders
  8 gnolls
  A howler monkey skeleton (D:10)
  3 river rats (Sewer)
  5 shadow imps
  A steam dragon skeleton (Crypt:2)
  5 white imps
  2 ufetubi
  4 oozes
  3 adder skeletons
  3 adder zombies (Ossuary)
  4 worms
  A ball lightning (Depths:3)
  4 dart slugs
  3 leopard geckos
  101 orcs
  15 ball pythons
  7 bats
  5 giant cockroaches
  21 goblins
  5 hobgoblins
  6 jackals
  10 quokkas
  A bat (shapeshifter) (Vaults:2)
  7 frilled lizards
  A gnoll skeleton (Crypt:1)
  2 gnoll zombies (Ossuary)
  2 goblin zombies (Ossuary)
  4 hobgoblin zombies
  2 jackal zombies (Ossuary)
  31 kobolds
  5 kobold zombies (Ossuary)
  3 leopard gecko skeletons
  2 orc zombies
  5 quokka zombies
  30 rats
  4 rat zombies (Ossuary)
  13 briar patches (Swamp:4)
  A crawling corpse (Vaults:5)
  5 fungi
  A lurking horror (Abyss:2)
  21 plants
  3 starspawn tentacles (Abyss:1)
3019 creatures vanquished.

Vanquished Creatures (others)
  A fire giant (Depths:2)
  A very ugly thing (Depths:3)
  A vampire knight (Depths:2)
  A shadow wraith (Vaults:4)
  A frost giant zombie (Depths:1)
  An orc sorcerer (Elf:1)
  An ugly thing (Depths:3)
  A raiju (Abyss:3)
  A water elemental (Elf:1)
  A human (D:2)
  A boggart (Depths:1)
  A small abomination (Abyss:1)
  2 orc priests
  An orc wizard (D:9)
  A hound skeleton (D:6)
  A howler monkey skeleton (D:6)
  A worm (D:6)
  8 ball lightnings (Depths:3)
  A quokka (D:6)
  2 briar patches (Swamp:4)
  A bush (Lair:6)
  11 fungi
  29 plants
  12 starspawn tentacles (Abyss:1)
82 creatures vanquished.

Grand Total: 3101 creatures vanquished

Notes
Turn   | Place    | Note
-------+----------+-------------------------------------------
     0 | D:1      | Crom the Minotaur Gladiator began the quest for the Orb.
     0 | D:1      | Reached XP level 1. HP: 18/18 MP: 0/0
    55 | D:1      | Reached XP level 2. HP: 16/25 MP: 1/1
   188 | D:1      | Reached XP level 3. HP: 31/31 MP: 2/2
   522 | D:2      | Reached XP level 4. HP: 35/38 MP: 3/3
   524 | D:2      | Reached skill level 5 in Axes
   734 | D:2      | Found an ancient bone altar of Kikubaaqudgha.
   736 | D:2      | Noticed a human
   738 | D:2      | Killed a human
   775 | D:2      | Noticed Jessica
   784 | D:2      | Killed Jessica
   794 | D:2      | Reached XP level 5. HP: 43/46 MP: 4/4
  1017 | D:2      | Found a faded altar of an unknown god.
  1346 | D:3      | Reached XP level 6. HP: 21/52 MP: 5/5
  1558 | D:3      | Found a shimmering altar of Xom.
  2167 | D:4      | Found Nauguvex's Antique Weapon Shoppe.
  2192 | D:4      | Found a glowing drain.
  2507 | D:4      | Reached skill level 5 in Dodging
  2642 | Sewer    | Entered a sewer
  2725 | Sewer    | Reached skill level 5 in Fighting
  2752 | Sewer    | Reached XP level 7. HP: 44/61 MP: 6/6
  3461 | D:4      | Found Roannys's Distillery.
  3525 | D:4      | Found Zucol Rowy's Gadget Emporium.
  3530 | D:4      | Bought a wand of paralysis (3) for 55 gold pieces
  3557 | D:4      | Found Temo's General Store.
  3595 | D:4      | Found Puludepa's Antique Armour Shoppe.
  3639 | D:4      | Found a runed gate.
  3639 | D:4      | Found a runed gate.
  3639 | D:4      | Found a runed gate.
  3652 | D:4      | Noticed hemabe's ghost (novice HuAr)
  3673 | D:4      | Killed hemabe's ghost
  3676 | D:4      | Reached XP level 8. HP: 31/71 MP: 7/7
  4113 | D:5      | Entered Level 5 of the Dungeon
  4274 | D:5      | Reached skill level 10 in Axes
  4485 | D:5      | Found a staircase to the Ecumenical Temple.
  4495 | Temple   | Entered the Ecumenical Temple
  4978 | D:6      | Found a sand-covered staircase.
  4986 | Ossuary  | Entered an ossuary
  5709 | D:6      | Found a shadowy altar of Dithmenos.
  5724 | D:6      | Found a radiant altar of Vehumet.
  5746 | D:6      | Found a deep blue altar of Sif Muna.
  5835 | D:6      | Found a hide-covered altar of Uskayaw.
  5891 | D:6      | Found a bloodstained altar of Trog.
  5893 | D:6      | Found an ornate altar of the Wu Jian Council.
  5952 | D:6      | Reached XP level 9. HP: 81/81 MP: 8/8
  6429 | D:6      | Noticed Pikel
  6450 | D:6      | Killed Pikel
  7698 | D:7      | Found a shattered altar of Ashenzari.
  7927 | D:7      | Found an iron altar of Okawaru.
  7956 | D:7      | Reached skill level 10 in Fighting
  7956 | D:7      | Reached XP level 10. HP: 80/93 MP: 9/9
  7963 | D:7      | Became a worshipper of Warmaster Okawaru
  8100 | D:7      | Found a sacrificial altar of Ru.
  8104 | D:7      | Found a glowing silver altar of Zin.
  8106 | D:7      | Found a basalt altar of Yredelemnul.
  8108 | D:7      | Found a blossoming altar of Fedhas.
  8110 | D:7      | Found a burning altar of Makhleb.
  8676 | D:8      | Noticed Prince Ribbit
  8734 | D:6      | Found a sparkling altar of Nemelex Xobeh.
  9038 | D:7      | Reached skill level 1 in Armour
  9234 | D:7      | Killed Prince Ribbit
  9451 | D:8      | Noticed Harold
  9471 | D:7      | Killed Harold
  9625 | D:8      | Reached * piety under Okawaru
  9998 | D:8      | Found a staircase to the Lair.
 10700 | D:9      | Found a white marble altar of Elyvilon.
 11083 | D:9      | Reached ** piety under Okawaru
 11350 | D:9      | Noticed a two-headed ogre
 11361 | D:9      | Killed a two-headed ogre
 11361 | D:9      | Reached skill level 15 in Axes
 11361 | D:9      | Reached skill level 5 in Armour
 11818 | D:10     | Entered Level 10 of the Dungeon
 11825 | D:10     | Reached XP level 11. HP: 92/102 MP: 10/10
 11830 | D:10     | Noticed Erolcha
 11830 | D:10     | Noticed Fannar
 11891 | Lair:1   | Entered Level 1 of the Lair of Beasts
 12000 | Lair:1   | Reached *** piety under Okawaru
 12548 | Lair:1   | You fall through a shaft!
 12548 | Lair:2   | Noticed a death yak
 12548 | Lair:2   | Noticed a death yak
 12548 | Lair:2   | Noticed a death yak
 12548 | Lair:2   | Noticed a death yak
 13339 | Lair:1   | Noticed Gastronok
 13418 | Lair:1   | Killed Gastronok
 13418 | Lair:1   | Reached **** piety under Okawaru
 13533 | Lair:1   | Noticed a six-headed hydra
 13544 | Lair:1   | Killed a six-headed hydra
 14450 | Lair:2   | Noticed a death yak
 14478 | Lair:1   | Killed a death yak
 14478 | Lair:1   | Received a gift from Okawaru
 14478 | Lair:1   | Reached XP level 12. HP: 83/113 MP: 8/11
 14604 | Lair:2   | Reached ***** piety under Okawaru
 14944 | Lair:2   | Noticed a death yak
 14962 | Lair:1   | Killed a death yak
 14978 | Lair:1   | Killed a death yak
 15051 | Lair:2   | Killed a death yak
 15544 | Lair:2   | Killed a death yak
 15550 | Lair:2   | Killed a death yak
 15550 | Lair:2   | Received a gift from Okawaru
 16072 | Lair:3   | Found a gate leading to a gauntlet.
 16088 | Gauntlet | Entered a Gauntlet
 16088 | Gauntlet | Found a transporter.
 16092 | Gauntlet | Found a transporter.
 16094 | Gauntlet | Found a transporter.
 16109 | Gauntlet | Found a transporter.
 16111 | Gauntlet | Found a transporter.
 16120 | Gauntlet | Noticed a hell beast
 16124 | Gauntlet | Found a transporter.
 16138 | Gauntlet | Found a transporter.
 16138 | Gauntlet | Noticed a death yak
 16138 | Gauntlet | Noticed a death yak
 16139 | Gauntlet | Noticed a death yak
 16148 | Gauntlet | Found a transporter.
 16153 | Gauntlet | Found a transporter.
 16153 | Gauntlet | Found a transporter.
 16175 | Gauntlet | Found a transporter.
 16179 | Gauntlet | Found a transporter.
 16206 | Gauntlet | Found a transporter.
 16209 | Gauntlet | Found a transporter.
 16427 | Gauntlet | Got a scorched pewter ring
 16458 | Gauntlet | Noticed a minotaur
 16473 | Gauntlet | Killed a minotaur
 16473 | Gauntlet | Received a gift from Okawaru
 16718 | Lair:3   | Reached skill level 10 in Armour
 17077 | Lair:3   | Reached XP level 13. HP: 117/123 MP: 12/12
 17726 | Lair:4   | Reached skill level 1 in Evocations
 18088 | Lair:4   | Got a steaming cloak
 18099 | Lair:4   | Identified the cursed +0 cloak of the Untouchables {rElec
                  | rPois Int-3 Slay+5} (You found it on level 4 of the Lair of
                  | Beasts)
 18102 | Lair:4   | Found the +9 staff of Olgreb {rPois}
 18124 | Lair:4   | Received a gift from Okawaru
 18150 | Lair:4   | Found a staircase to the Snake Pit.
 18285 | Lair:4   | Noticed Kirke
 18295 | Lair:4   | Killed Kirke
 18487 | Lair:4   | Found a staircase to the Swamp.
 18872 | Lair:5   | Received a gift from Okawaru
 19199 | Lair:5   | Reached ****** piety under Okawaru
 19210 | Lair:5   | Found a runed door.
 19211 | Lair:5   | Found a viscous altar of Jiyva.
 19212 | Lair:5   | Found a staircase to the Slime Pits.
 19302 | Lair:5   | Identified the ring "Erihuosyly" {rN+ Str+2 Int+4 Slay+3
                  | SInv} (You found it in a Gauntlet)
 19331 | Lair:5   | You fall through a shaft!
 19331 | Lair:6   | Entered Level 6 of the Lair of Beasts
 19359 | Lair:6   | Received a gift from Okawaru
 19638 | Lair:6   | Reached XP level 14. HP: 111/133 MP: 16/16
 20388 | Lair:6   | Reached skill level 5 in Evocations
 20400 | Lair:6   | Reached skill level 15 in Fighting
 20415 | Lair:6   | Got a smoking dagger
 20560 | Lair:6   | Received a gift from Okawaru
 21081 | Lair:5   | Identified a scroll of acquirement
 21087 | Lair:5   | Got a transparent plate armour
 21677 | D:10     | Found Zusiteu's Distillery.
 21724 | D:10     | Found a staircase to the Orcish Mines.
 21764 | D:10     | Noticed Erica
 21809 | D:10     | Killed Fannar
 21817 | D:10     | Killed Erica
 21817 | D:10     | Received a gift from Okawaru
 22156 | D:10     | Killed Erolcha
 22156 | D:10     | Reached skill level 1 in Invocations
 22955 | D:11     | Found a hide-covered altar of Uskayaw.
 23465 | D:12     | Identified the +0 hat "Esyoc" {rPois rC- rN+++ Regen+
                  | Slay-5} (You acquired it on level 12 of the Dungeon)
 24163 | D:13     | Found a flagged portal.
 24188 | Bailey   | Entered a bailey
 24370 | Bailey   | Reached XP level 15. HP: 144/144 MP: 18/18
 24512 | D:13     | Found a radiant altar of Vehumet.
 24935 | D:14     | Received a gift from Okawaru
 25279 | D:14     | Found a gate to the Vaults.
 25293 | D:14     | Reached skill level 5 in Invocations
 25803 | D:15     | Entered Level 15 of the Dungeon
 26647 | D:15     | Received a gift from Okawaru
 26926 | D:15     | Identified a +2 pair of boots of running (You acquired it
                  | on level 15 of the Dungeon)
 27134 | D:15     | Found a staircase to the Depths.
 27315 | Orc:1    | Entered Level 1 of the Orcish Mines
 27315 | Orc:1    | Found a roughly hewn altar of Beogh.
 27460 | Orc:1    | Found Leshroast's General Store.
 27555 | Orc:2    | Entered Level 2 of the Orcish Mines
 27744 | Orc:2    | Found a staircase to the Elven Halls.
 27885 | Orc:2    | Found a roughly hewn altar of Beogh.
 27887 | Orc:2    | Found Xomush's Jewellery Shoppe.
 27896 | Orc:2    | Bought a +2 ring of evasion for 140 gold pieces
 27896 | Orc:2    | Bought a +1 ring of slaying for 84 gold pieces
 28095 | Orc:2    | Found Deustruma's General Store.
 28097 | Orc:2    | Found Sargh's Food Emporium.
 28346 | Orc:2    | Reached skill level 15 in Armour
 28416 | Orc:2    | Reached XP level 16. HP: 133/155 MP: 20/20
 28442 | Orc:2    | Found Maisoz's Gadget Boutique.
 28442 | Orc:2    | Found Esmi's Antique Armour Shop.
 28443 | Orc:2    | Found a one-way gate leading to the halls of Pandemonium.
 28497 | Orc:2    | Bought a pair of fine gloves for 247 gold pieces
 28497 | Orc:2    | Identified the +2 pair of gloves of the Nine Coins {rF+}
                  | (You bought it in a shop on level 2 of the Orcish Mines)
 28771 | D:8      | Identified the +0 plate armour of Circular Logic {rF+} (You
                  | acquired it on level 5 of the Lair of Beasts)
 28865 | Swamp:1  | Entered Level 1 of the Swamp
 29049 | Swamp:1  | Noticed a thorn hunter
 29062 | Swamp:1  | Killed a thorn hunter
 29098 | Swamp:1  | Received a gift from Okawaru
 31223 | Swamp:3  | Paralysed by a hornet for 1 turns
 31628 | Swamp:3  | Received a gift from Okawaru
 31913 | Swamp:4  | Entered Level 4 of the Swamp
 31920 | Swamp:4  | Noticed a thorn hunter
 32308 | Swamp:4  | Killed a thorn hunter
 32354 | Swamp:4  | Noticed a thorn hunter
 32361 | Swamp:4  | Killed a thorn hunter
 32381 | Swamp:4  | Paralysed by a hornet for 2 turns
 33213 | Swamp:4  | Identified the cursed +1 rapier of Evolution {speed,
                  | *Corrode rElec Int-3 SInv} (You found it on level 4 of the
                  | Swamp)
 33233 | Swamp:4  | Reached XP level 17. HP: 148/166 MP: 21/21
 33654 | Swamp:4  | Paralysed by a hornet for 2 turns
 34403 | Swamp:4  | Received a gift from Okawaru
 34442 | Swamp:4  | Found the +5 pair of quick blades "Gyre" and "Gimble"
                  | {pierce, Dex-3}
 34647 | Swamp:4  | Got a decaying rune of Zot
 34834 | Snake:1  | Entered Level 1 of the Snake Pit
 35063 | Snake:1  | Got a steaming chain mail
 35064 | Snake:1  | Identified the +3 chain mail "Naytrih" {Str+5} (You found
                  | it on level 1 of the Snake Pit)
 35316 | Snake:1  | Found Tiaxi's Weapon Shop.
 35416 | Snake:1  | Found a runed door.
 35417 | Snake:1  | Noticed Fandomethor's ghost (adept VSFi)
 35427 | Snake:1  | Killed Fandomethor's ghost
 35461 | Snake:1  | Found Hywneu's Jewellery Shop.
 35469 | Snake:1  | Bought a +3 ring of strength for 298 gold pieces
 35824 | Snake:2  | Noticed Azrael
 35850 | Snake:2  | Killed Azrael
 35853 | Snake:2  | Noticed Vashnia
 35896 | Snake:2  | Killed Vashnia
 37385 | Snake:2  | Received a gift from Okawaru
 37792 | Snake:3  | Reached XP level 18. HP: 155/176 MP: 22/22
 38158 | Snake:3  | Received a gift from Okawaru
 38375 | Snake:3  | Found a runed gate.
 38375 | Snake:3  | Found a runed gate.
 38375 | Snake:3  | Found a runed gate.
 38376 | Snake:3  | Noticed Vutif's ghost (adept FoFi)
 38417 | Snake:3  | Killed Vutif's ghost
 38695 | Snake:4  | Entered Level 4 of the Snake Pit
 39086 | Snake:4  | Found Nyruklargh's Magic Scroll Emporium.
 39088 | Snake:4  | Found Jughyuf's Book Shoppe.
 39090 | Snake:4  | Found Toxei's Weapon Emporium.
 39162 | Snake:4  | Noticed Nikola
 39174 | Snake:4  | Killed Nikola
 39174 | Snake:4  | Received a gift from Okawaru
 39277 | Snake:4  | Found an ancient bone altar of Kikubaaqudgha.
 39477 | Snake:4  | Received a gift from Okawaru
 39660 | Snake:4  | Received a gift from Okawaru
 39910 | Snake:4  | Got a jewelled buckler {god gift}
 39911 | Snake:4  | Identified the +0 buckler of Gofegg {*Contam rPois MR++
                  | Dex+4} (Okawaru gifted it to you on level 4 of the Snake
                  | Pit)
 40536 | Snake:4  | Got a serpentine rune of Zot
 40718 | Snake:1  | Bought an uncursed ring of protection from magic for 475
                  | gold pieces
 40964 | Elf:1    | Entered Level 1 of the Elven Halls
 41019 | Elf:1    | Found the +8 whip "Snakebite" {curare, rPois}
 41056 | Elf:1    | Reached XP level 19. HP: 178/185 MP: 23/23
 41095 | Elf:1    | Identified the Guide on Attacks
 41106 | Elf:1    | Received a gift from Okawaru
 41109 | Elf:1    | Identified the +0 cloak of the First Snow {Str+3} (Okawaru
                  | gifted it to you on level 1 of the Elven Halls)
 43080 | Elf:2    | Found a large runed door.
 43080 | Elf:2    | Found a large runed door.
 43108 | Elf:2    | Found a large runed door.
 43108 | Elf:2    | Found a large runed door.
 43859 | Elf:2    | Received a gift from Okawaru
 44320 | Elf:3    | Entered Level 3 of the Elven Halls
 44375 | Elf:3    | Found Ighabocw's General Store.
 44382 | Elf:3    | Bought a wand of clouds (6) for 480 gold pieces
 44431 | Elf:3    | Found a magical portal.
 44443 | WizLab   | Entered Wucad Mu's Monastery
 45528 | Elf:3    | Gained mutation: You are robust. (+10% HP) [a neqoxec]
 45668 | Elf:3    | Received a gift from Okawaru
 45742 | Elf:3    | Reached XP level 20. HP: 104/217 MP: 24/24
 45890 | Elf:3    | Identified the +5 mace "Wurukh" {elec, rC+}
 45934 | Elf:3    | Identified the +10 rapier of Offence {freeze, *Contam Str-5
                  | Int+9 Stlth+}
 46234 | Elf:3    | Reached skill level 1 in Crossbows
 46733 | Elf:3    | Identified the ring of Effyof {-Tele rPois rN+ Int+2 Dex+2}
 47062 | Elf:3    | Identified the +2 leather armour of Qugo Zanushi {rElec MR+
                  | SInv}
 47520 | Elf:3    | Identified the ring of Rynau {*Tele rElec}
 47626 | Elf:3    | Identified the +1 cloak of Baldness {rPois rF- rCorr Dex+4}
                  | (You found it on level 3 of the Elven Halls)
 48137 | Vaults:1 | Entered Level 1 of the Vaults
 48156 | Vaults:1 | Reached skill level 1 in Bows
 48627 | Vaults:1 | Received a gift from Okawaru
 48661 | Vaults:1 | Found a large runed door.
 48661 | Vaults:1 | Found a large runed door.
 48661 | Vaults:1 | Found a large runed door.
 48661 | Vaults:1 | Found a large runed door.
 48751 | Vaults:1 | Reached skill level 5 in Bows
 48823 | Vaults:1 | Received a gift from Okawaru
 49145 | Vaults:1 | Found a large runed door.
 49145 | Vaults:1 | Found a large runed door.
 49145 | Vaults:1 | Found a large runed door.
 49148 | Vaults:1 | Noticed Zaor's ghost (adept GnSk)
 49150 | Vaults:1 | Found a large runed door.
 49172 | Vaults:1 | Killed Zaor's ghost
 49690 | Vaults:1 | Received a gift from Okawaru
 49696 | Vaults:1 | Reached skill level 10 in Dodging
 49960 | Vaults:1 | Identified the -1 hat "Punoxtol" {rElec Regen+} (Okawaru
                  | gifted it to you on level 1 of the Vaults)
 50584 | Vaults:2 | Got a twitching lead ring
 50586 | Vaults:2 | Identified the ring "Varuri" {MR- AC+3 Str+4 Dex+4 Stlth+}
                  | (You found it on level 2 of the Vaults)
 50612 | Vaults:2 | Reached XP level 21. HP: 197/227 MP: 25/25
 50623 | Vaults:2 | Reached skill level 10 in Bows
 50829 | Vaults:2 | Found the +9 heavy crossbow "Sniper" {velocity, Acc+∞ SInv}
 51456 | Vaults:2 | Received a gift from Okawaru
 52072 | Vaults:3 | You fall through a shaft!
 52150 | Vaults:4 | Found Herokk's Armour Shop.
 52631 | Vaults:3 | Received a gift from Okawaru
 52634 | Vaults:3 | Identified the +0 hat of Getij {rElec rPois rC+} (Okawaru
                  | gifted it to you on level 3 of the Vaults)
 52913 | Vaults:3 | Found a staircase to the Crypt.
 52969 | Vaults:3 | Identified the cursed +1 plate armour of Bitterness {rF++
                  | rC- MR+ Dex-4} (You found it on level 3 of the Vaults)
 53485 | Vaults:4 | Noticed Margery
 53508 | Vaults:4 | Killed Margery
 53508 | Vaults:4 | Reached skill level 15 in Dodging
 53796 | Vaults:4 | Reached XP level 22. HP: 162/242 MP: 26/26
 53875 | Vaults:4 | Reached skill level 15 in Bows
 54171 | Vaults:4 | Received a gift from Okawaru
 54776 | Depths:1 | Entered Level 1 of the Depths
 54776 | Depths:1 | Found a gateway to Hell.
 54789 | Depths:1 | Received a gift from Okawaru
 55503 | Depths:1 | Found a runed door.
 55510 | Depths:1 | Found a runed door.
 55512 | Depths:1 | Noticed an ancient lich
 55514 | Depths:1 | Noticed iamserjio's ghost (adept OpWn)
 55615 | Depths:1 | Identified the +7 lajatang "Oschicon" {pain, rF++ rN+}
 55618 | Depths:1 | Identified the +8 short sword "Noecs" {freeze, Str+3}
 55694 | Depths:1 | Identified the +4 battleaxe of the Establishment {flame,
                  | Str+3}
 55703 | Depths:1 | Reached skill level 1 in Stealth
 55973 | Depths:1 | Received a gift from Okawaru
 55988 | Depths:1 | Killed an ancient lich
 56001 | Depths:1 | Killed iamserjio's ghost
 56020 | Depths:1 | Got a translucent executioner's axe {god gift}
 56424 | Depths:2 | Noticed a caustic shrike
 56438 | Depths:2 | Killed a caustic shrike
 56479 | Depths:2 | Received a gift from Okawaru
 56479 | Depths:2 | Reached XP level 23. HP: 133/251 MP: 23/27
 57682 | Depths:2 | Received a gift from Okawaru
 57718 | Depths:2 | Reached skill level 5 in Stealth
 57722 | Depths:2 | Received a gift from Okawaru
 58041 | Depths:2 | Received a gift from Okawaru
 58268 | Depths:2 | Identified the +1 executioner's axe "Vaysk" {flame, Dex+3}
                  | (Okawaru gifted it to you on level 1 of the Depths)
 58720 | Depths:3 | Received a gift from Okawaru
 58948 | Depths:3 | Noticed a caustic shrike
 58948 | Depths:3 | an iron giant changed into a caustic shrike
 58949 | Depths:3 | Killed a caustic shrike
 58953 | Depths:3 | Noticed a caustic shrike
 58953 | Depths:3 | an iron giant changed into a caustic shrike
 58960 | Depths:3 | Killed a caustic shrike
 58974 | Depths:3 | HP: 3/255 [white very ugly thing (52)]
 59847 | Depths:3 | Received a gift from Okawaru
 59880 | Depths:3 | Got a polished longbow {god gift}
 59993 | Depths:3 | Identified the ring "Diqifus" {Str+2 Int+3}
 59993 | Depths:3 | Noticed Frederick
 60011 | Depths:3 | Killed Frederick
 60343 | Depths:3 | Got a sparkling granite ring
 60386 | Depths:3 | Identified the ring "Hero's Friend" {rF- Str+4 Int+7 SInv}
                  | (You found it on level 3 of the Depths)
 60391 | Depths:3 | Got a faintly glowing brass ring
 60392 | Depths:3 | Identified the cursed ring "Kiam Juf" {rPois MR+ Str-2
                  | Int-2 Stlth+} (You found it on level 3 of the Depths)
 60436 | Depths:3 | Got an ancient emerald amulet
 60778 | Depths:4 | Reached XP level 24. HP: 264/266 MP: 27/27
 61008 | Depths:4 | Received a gift from Okawaru
 61032 | Depths:4 | Found a gateway to a ziggurat.
 61685 | Depths:4 | Identified the +2 faerie dragon scales {rCorr Dex+3}
 61685 | Depths:4 | Noticed the Enchantress
 61704 | Depths:4 | Killed the Enchantress
 61788 | Depths:4 | Identified the Guide on Cold and the Escort
 61790 | Depths:4 | Identified Rofucuja's Papyrus of Attacks and Venom
 61801 | Depths:4 | Identified the amulet of Itecviuph {Harm *Drain rPois rF+++
                  | MP+9 Str-3} (You found it on level 3 of the Depths)
 62129 | Depths:4 | Found a one-way gate to the infinite horrors of the Abyss.
 62131 | Depths:4 | Found Lyw Noa's Assorted Antiques.
 62144 | Depths:4 | Bought a scroll of identify for 62 gold pieces
 62144 | Depths:4 | Bought a scroll of teleportation for 93 gold pieces
 62144 | Depths:4 | Bought a scroll of teleportation for 93 gold pieces
 62144 | Depths:4 | Identified the +1 longbow of Savye {speed, rF+ MR++ Str-3}
                  | (Okawaru gifted it to you on level 3 of the Depths)
 62562 | Depths:5 | Entered Level 5 of the Depths
 62623 | Depths:4 | Received a gift from Okawaru
 62848 | Depths:4 | Got a fine triple crossbow {god gift}
 63848 | Depths:5 | Received a gift from Okawaru
 64042 | Depths:5 | Found a gate to the Realm of Zot.
 64419 | Depths:5 | Identified the +5 triple crossbow "Ichim" {venom, rC+}
                  | (Okawaru gifted it to you on level 4 of the Depths)
 64763 | Crypt:1  | Entered Level 1 of the Crypt
 64781 | Crypt:1  | Received a gift from Okawaru
 64819 | Crypt:1  | Found an ancient bone altar of Kikubaaqudgha.
 65381 | Crypt:1  | Reached XP level 25. HP: 267/278 MP: 27/27
 65534 | Crypt:1  | Reached skill level 10 in Stealth
 66086 | Crypt:1  | Found a basalt altar of Yredelemnul.
 66086 | Crypt:1  | Noticed Jory
 66114 | Crypt:1  | Killed Jory
 66193 | Crypt:1  | Found the +6 shillelagh "Devastator" {shatter}
 66544 | Crypt:2  | Received a gift from Okawaru
 66724 | Crypt:2  | Noticed Bai Suzhen
 66737 | Crypt:2  | Received a gift from Okawaru
 66749 | Crypt:2  | Killed Bai Suzhen
 67003 | Crypt:3  | Entered Level 3 of the Crypt
 67097 | Crypt:3  | Noticed Saint Roka
 67109 | Crypt:3  | Killed Saint Roka
 67122 | Crypt:3  | Received a gift from Okawaru
 67468 | Crypt:3  | Received a gift from Okawaru
 67473 | Crypt:3  | Noticed an ancient lich
 67477 | Crypt:3  | Killed an ancient lich
 67580 | Crypt:3  | Found a basalt altar of Yredelemnul.
 67588 | Crypt:3  | Found an ancient bone altar of Kikubaaqudgha.
 67628 | Crypt:3  | Identified the Grimoire of Air and Dislocation
 67758 | Crypt:3  | Identified the +1 leather armour of Thoughtfulness {+Inv
                  | rElec MR- Str+8}
 67774 | Crypt:3  | Received a gift from Okawaru
 67988 | Crypt:3  | Found a staircase to the Tomb.
 69713 | Vaults:5 | Entered Level 5 of the Vaults
 69721 | Vaults:5 | Received a gift from Okawaru
 69723 | Vaults:5 | Reached XP level 26. HP: 264/290 MP: 21/27
 69736 | Vaults:5 | Received a gift from Okawaru
 69816 | Vaults:5 | Reached skill level 27 in Fighting
 69952 | Vaults:5 | Received a gift from Okawaru
 70000 | Vaults:5 | Got a translucent longbow {god gift}
 70075 | Vaults:5 | Identified the +9 whip "Neliv" {slash, *Corrode +Rage Int+7
                  | Dex+2}
 70276 | Vaults:5 | Got a silver rune of Zot
 70277 | Vaults:5 | Identified the +9 longbow of the Battered Planets {flame,
                  | *Drain +Inv rF++} (Okawaru gifted it to you on level 5 of
                  | the Vaults)
 70762 | Vaults:5 | Identified the +1 robe "Piaxyeff" {+Fly rElec rF- Int+8}
 70775 | Vaults:5 | Received a gift from Okawaru
 71098 | Vaults:5 | Received a gift from Okawaru
 71111 | Vaults:5 | Noticed an ancient lich
 71130 | Vaults:5 | Killed an ancient lich
 71218 | Vaults:5 | Identified the Almanac of Warped Ice
 71462 | Vaults:5 | Received a gift from Okawaru
 71545 | Vaults:5 | Received a gift from Okawaru
 71548 | Vaults:5 | Got an iridescent longbow {god gift}
 71550 | Vaults:5 | Identified the +8 longbow "Mumuj" {velocity, rC+ Str-2
                  | Int+3} (Okawaru gifted it to you on level 5 of the Vaults)
 71775 | Vaults:5 | Identified the Compendium of the Unstoppable Spreadsheets
 72804 | Slime:1  | Entered Level 1 of the Pits of Slime
 73216 | Slime:5  | Entered Level 5 of the Pits of Slime
 73237 | Slime:5  | Received a gift from Okawaru
 73240 | Slime:5  | Got an ichor-stained buckler {god gift}
 73300 | Slime:5  | Found a viscous altar of Jiyva.
 73309 | Slime:5  | Noticed the Royal Jelly
 74386 | Slime:5  | Killed the Royal Jelly
 74386 | Slime:5  | Reached XP level 27. HP: 201/300 MP: 16/27
 74860 | Slime:5  | Got a slimy rune of Zot
 74945 | Slime:5  | Identified the Collected Works on Toxins and Stolen Souls
 75196 | Lair:4   | Identified the Handbook of Necromancy and the Frostbite
 75980 | D:4      | Bought a potion of mutation for 88 gold pieces
 75980 | D:4      | Bought a potion of curing for 33 gold pieces
 75980 | D:4      | Bought a potion of agility for 44 gold pieces
 75980 | D:4      | Bought a potion of curing for 33 gold pieces
 75980 | D:4      | Bought a potion of curing for 33 gold pieces
 75980 | D:4      | Bought a potion of haste for 110 gold pieces
 75980 | D:4      | Bought a potion of agility for 44 gold pieces
 75980 | D:4      | Bought a potion of mutation for 88 gold pieces
 76327 | Depths:4 | Voluntarily entered the Abyss.
 76585 | Abyss:1  | Reached skill level 15 in Stealth
 76733 | Abyss:1  | Gained mutation: Scrolls take you a little longer to read.
                  | [a neqoxec]
 76914 | Abyss:1  | Gained mutation: Your body sometimes deteriorates upon
                  | taking damage. [a neqoxec]
 77868 | Abyss:3  | Got an abyssal rune of Zot
 77896 | Depths:4 | Escaped the Abyss
 77987 | Zot:1    | Entered Level 1 of the Realm of Zot
 78003 | Zot:1    | Received a gift from Okawaru
 78118 | Zot:1    | Received a gift from Okawaru
 78121 | Zot:1    | Got a pair of distressingly furry gloves {god gift}
 78124 | Zot:1    | Identified the +1 pair of gloves of the Past {rPois}
                  | (Okawaru gifted it to you on level 1 of the Realm of Zot)
 79311 | Zot:2    | Reached skill level 27 in Armour
 79402 | Zot:2    | Learned a level 2 spell: Swiftness
 79406 | Zot:2    | Learned a level 3 spell: Regeneration
 79896 | Snake:4  | Bought a manual of Dodging for 2097 gold pieces
 79896 | Snake:4  | Bought a book of Burglary for 1425 gold pieces
 79903 | Snake:4  | Learned a level 4 spell: Passage of Golubria
 79906 | Snake:4  | Learned a level 2 spell: Passwall
 80430 | Zot:2    | Reached skill level 1 in Earth Magic
 80433 | Zot:2    | Received a gift from Okawaru
 80433 | Zot:2    | Reached skill level 1 in Transmutations
 81509 | Zot:4    | Reached skill level 5 in Transmutations
 81509 | Zot:4    | Reached skill level 5 in Earth Magic
 81686 | Zot:4    | Reached skill level 1 in Charms
 81686 | Zot:4    | Reached skill level 1 in Necromancy
 81821 | Zot:4    | Received a gift from Okawaru
 82235 | Zot:5    | Entered Level 5 of the Realm of Zot
 82850 | Zot:5    | Reached skill level 5 in Necromancy
 82946 | Zot:5    | Noticed an orb of fire
 82947 | Zot:5    | Noticed an orb of fire
 82959 | Zot:5    | Gained mutation: You are partially covered in icy blue
                  | scales. (AC +2) [an orb of fire]
 82968 | Zot:5    | Killed an orb of fire
 82968 | Zot:5    | Reached skill level 5 in Charms
 82989 | Zot:5    | Received a gift from Okawaru
 83003 | Zot:5    | Noticed an orb of fire
 83027 | Zot:5    | Gained mutation: Armour fits poorly on your strangely
                  | shaped body. [an orb of fire]
 83028 | Zot:5    | Killed an orb of fire
 83030 | Zot:5    | Gained mutation: You are clumsy. (Dex -2) [an orb of fire]
 83036 | Zot:5    | Gained mutation: You are occasionally teleported next to
                  | monsters. [an orb of fire]
 83045 | Zot:5    | Killed an orb of fire
 83045 | Zot:5    | Received a gift from Okawaru
 83046 | Zot:5    | Lost mutation: You are clumsy. (Dex -2) [potion of
                  | mutation]
 83046 | Zot:5    | Lost mutation: You are robust. (+10% HP) [potion of
                  | mutation]
 83046 | Zot:5    | Lost mutation: Armour fits poorly on your strangely shaped
                  | body. [potion of mutation]
 83046 | Zot:5    | Lost mutation: Scrolls take you a little longer to read.
                  | [potion of mutation]
 83046 | Zot:5    | Gained mutation: You are partially covered in molten
                  | scales. (AC +2) [potion of mutation]
 83046 | Zot:5    | Gained mutation: Your system is resistant to poisons.
                  | (rPois) [potion of mutation]
 83047 | Zot:5    | Lost mutation: You are occasionally teleported next to
                  | monsters. [potion of mutation]
 83047 | Zot:5    | Lost mutation: Your system is resistant to poisons. (rPois)
                  | [potion of mutation]
 83047 | Zot:5    | Lost mutation: Your body sometimes deteriorates upon taking
                  | damage. [potion of mutation]
 83047 | Zot:5    | Gained mutation: Your mind is acute. (Int +2) [potion of
                  | mutation]
 83047 | Zot:5    | Lost mutation: Your mind is acute. (Int +2) [potion of
                  | mutation]
 83047 | Zot:5    | Gained mutation: Scrolls take you a little longer to read.
                  | [potion of mutation]
 83047 | Zot:5    | Gained mutation: You expend magic power (3 MP) to
                  | strengthen your wands. [potion of mutation]
 83109 | Zot:5    | Received a gift from Okawaru
 83227 | Zot:5    | Received a gift from Okawaru
 83306 | Zot:5    | Noticed an orb of fire
 83307 | Zot:5    | Gained mutation: You are dopey. (Int -2) [an orb of fire]
 83327 | Zot:5    | Killed an orb of fire
 83340 | Zot:5    | Noticed an orb of fire
 83358 | Zot:5    | Killed an orb of fire
 83513 | Zot:5    | Noticed an orb of fire
 83516 | Zot:5    | Gained mutation: You occasionally shout uncontrollably at
                  | your foes. [an orb of fire]
 83517 | Zot:5    | Gained mutation: You are clumsy. (Dex -2) [an orb of fire]
 83526 | Zot:5    | Killed an orb of fire
 83761 | Zot:5    | Noticed an ancient lich
 83774 | Zot:5    | Killed an ancient lich
 83774 | Zot:5    | Received a gift from Okawaru
 85267 | Zot:5    | Got the Orb of Zot
 85344 | Zot:3    | Noticed Sooxipsux the pandemonium lord
 85872 | D:$      | Escaped with the Orb!

Vault maps used:
D:1:      dpeg_arrival_chambers_temple_mockup
D:2:      chequers_ecumenical_altar_island, tgw_kikubaaqudgha, uniq_jessica
D:3:      xom_butterflies, chequers_serial_rivers_room_b
D:4:      gammafunk_ghost_nasty_kobolds, first_ration, gup_sewer_entry_glass,
          serial_shops, shop, nicolae_shop_waterfront, shop,
          kennysheep_little_box, shop
D:5:      minmay_temple_entry_waves
D:6:      minmay_polygon_palace, vehumet_crystals, grunt_dithmenos_smoke,
          nicolae_overflow_hidden_temple, basic_altar,
          nicolae_ossuary_entry_giza, uniq_pikel
D:7:      okawaru_humans, minitemple, basic_altar
D:8:      dpeg_oklobed_lair, uniq_harold, uniq_prince_ribbit1
D:9:      hangedman_fish_farm, hangedman_decor_riveting, elyvilon_altar_5
D:10:     erik_orc_4, serial_shops, shop, uniq_fannar, uniq_erolcha, uniq_erica
D:11:     basic_altar, hangedman_decor_opposing
D:12:     chequers_serial_rivers_micro_c
D:13:     enter_bailey_3, basic_altar
D:14:     david_vaults_5
D:15:     gammafunk_enter_depths_forms, minmay_hedge_maze
Temple:   compressed_dpeg_triangle_lava_temple
Lair:1:   serial_bayou_lagoon_a, uniq_gastronok
Lair:2:   infiniplex_staircase_pool_2, serial_bayou_shore_a
Lair:3:   gauntlet_entry_generic, lemuel_fruit_tree
Lair:4:   nicolae_swamp_entry_splash_gauntlet, guppyfry_snake_entry_island,
          chequers_serial_rivers_large_b, minivault_24,
          minmay_lair_oklob_chamber, uniq_kirke
Lair:5:   slime_altar_2, minivault_27
Lair:6:   hangedman_lair_in_review, guppyfry_lair_end_dragon,
          chequers_serial_rivers_room_b, infiniplex_staircase_pool
Swamp:1:  serial_swamp_ruin, evilmike_swamp_ruin_wall,
          hangedman_swamp_ruin_wall, evilmike_swamp_ruin_house_3
Swamp:2:  evilmike_swamp_ruin_house_2
Swamp:3:  nicolae_swamp_fairy_circle
Swamp:4:  swamp, swamp_pool1
Snake:1:  serial_shops, shop, shop, gammafunk_ghost_grave
Snake:2:  nicolae_coiled_stairwell_up, uniq_azrael, uniq_vashnia
Snake:3:  gammafunk_ghost_necromancy
Snake:4:  grunt_snake_rune_pools, basic_altar, minmay_shop_star, uniq_nikola
Slime:1:  nicolae_slime_barrier
Slime:4:  nicolae_slime_round_cave
Orc:1:    basic_altar, serial_shops, nicolae_shop_behind_doors
Orc:2:    pf_orc_diabolical, basic_altar, minmay_shop_enchanted_jewellery
Elf:1:    minmay_elf_annihilation, lemuel_flamethrower_hall
Elf:3:    elf_hall_gauntlet_narrow, serial_shops, shop, mu_enter_wizlab_4
Vaults:1: advil_vaults_ghost_lines, nicolae_vaults_branching_niches,
          nicolae_vaults_stairing_the_circle, hangedman_vaults_slice, v_misc_33,
          nicolae_vaults_little_ls, v_misc_12, vaults_room_fours,
          vaults_dpeg_hooks
Vaults:2: hangedman_vaults_slice, vaults_room_boxed, vaults_room_corners,
          v_pattern_1, hangedman_vaults_maws, hangedman_vaults_unwind,
          nicolae_vaults_specimen_jars, minmay_guarded_unrand_secular_launcher,
          nicolae_vaults_shelves_hall, vaults_dpeg_doors,
          nicolae_vaults_shelves_hall, ontoclasm_vaults_ring_square, v_misc_13
Vaults:3: blue_anna_dwarven_crypt, nicolae_vaults_big_ls, vaults_room_pools,
          v_misc_25, v_misc_5, ontoclasm_vaults_spin
Vaults:4: nicolae_vaults_little_squares_4, ontoclasm_vaults_claustrophobia,
          nicolae_vaults_border_crossing, vaults_room_door_ring,
          nicolae_vaults_fighting_squares, hangedman_vaults_restitches,
          vaults_standard_mumra_enter_the_diamond, v_rooms_6, v_misc_16,
          nicolae_vaults_puzzle_piece, vaults_mumra_minichess, serial_shops,
          shop, uniq_margery
Vaults:5: uniq_jory
Crypt:1:  lemuel_vampire_tower, basic_altar, grunt_megastairs_2,
          grunt_crypt_arrival_webbed
Crypt:2:  uniq_bai_suzhen
Crypt:3:  lightli_unholy_cathedral, nicolae_tomb_entry_grand_gallery,
          uniq_saint_roka
Depths:1: chequers_serial_rivers_micro_e, hell_entry,
          muffindrake_ghost_dual_entry, horrible_house_mu,
          roderic_lattice_octagonal_star
Depths:2: nicolae_legendary_halls, grunt_pan_entry_sceptre,
          serial_sigils_hangedman_quiver, hell_entry,
          infiniplex_staircase_hallway_doors
Depths:3: radiant_caverns_a_rkd, hell_entry, pan_entry, serial_shops,
          uniq_frederick
Depths:4: grunt_forest_end_winery, enter_ziggurat_d, grunt_mini_vestibule,
          abyss_entry, minmay_misc_feat_room, serial_shops,
          kennysheep_mini_moat, grunt_ministairs_7
Depths:5: grunt_zot_entry_bicorn, minmay_misc_feat_five, pan_entry, hell_entry
Zot:2:    hangedman_zot_gyre, hangedman_zot_decor_tridents, grunt_ministairs_13
Zot:4:    grunt_megastairs_4
Zot:5:    hangedman_zot_decor_slant, guppyfry_library_mini
Abyss:1:  evilmike_abyss_exit_vortex
Abyss:3:  dshaligram_kb_abyss_rune_zappy_water_cross
Sewer:    sewer_minmay_w
Ossuary:  minmay_ossuary_two_tombs
Bailey:   bailey_polearm_3, bailey
WizLab:   wizlab_wucad
Gauntlet: minmay_gauntlet_77_tree

Skill      XL: |  1  2  3  4  5  6  7  8  9 10 11 12 13 14 15 16 17 18 19 20 21 22 23 24 25 26 27 |
---------------+----------------------------------------------------------------------------------+-----
Axes           | 4 5 6 7 9 11 13 15 16 18 19 20 22 23 24 26 | 26.0
Fighting       | 3 4 5 6 8 10 11 12 13 14 16 17 18 19 20 21 22 23 24 25 26 27 | 27.0
Dodging        | 4 5 11 15 17 18 19 20 24 | 24.3
Armour         | 5 8 10 11 13 15 16 17 18 19 20 23 27 | 27.0
Evocations     | 4 6 |  6.0
Invocations    | 4 7 |  7.0
Crossbows      | 2 4 |  4.8
Bows           | 9 14 16 17 18 20 | 20.0
Stealth        | 3 7 9 11 14 15 | 15.0
Earth Magic    | 5 |  5.0
Transmutations | 5 |  5.0
Charms         | 7 |  7.2
Necromancy     | 7 |  7.1
Throwing       | |  2.0

Action                   |  1- 3 |  4- 6 |  7- 9 | 10-12 | 13-15 | 16-18 | 19-21 | 22-24 | 25-27 || total
-------------------------+-------+-------+-------+-------+-------+-------+-------+-------+-------++-------
Melee: War axe           |    56 |   175 |    59 |       |       |       |       |       |       ||   290
       Headbutt          |    12 |    22 |    86 |   133 |   201 |   236 |   279 |   365 |   550 ||  1884
       Dagger            |       |       |   373 |   262 |    20 |       |       |       |       ||   655
       Battleaxe         |       |       |       |   262 |   880 |    43 |       |       |       ||  1185
       Executioner's axe |       |       |       |       |       |   919 |  1210 |  1286 |  1933 ||  5348
 Fire: Blowgun           |       |       |       |    15 |       |       |       |       |       ||    15
       Longbow           |       |       |       |       |       |       |       |    22 |    64 ||    86
Throw: Throwing net      |       |     1 |       |       |       |       |       |       |     3 ||     4
       Stone             |       |       |     1 |       |       |       |       |       |       ||     1
 Cast: Regeneration      |       |       |       |       |       |       |       |       |     2 ||     2
       Passwall          |       |       |       |       |       |       |       |       |     1 ||     1
Invok: Heroism           |       |       |       |    14 |     9 |     9 |     8 |    13 |     6 ||    59
       Finesse           |       |       |       |     1 |       |       |     2 |     7 |     8 ||    18
 Abil: Evoke Berserk Rag |       |       |       |       |       |       |       |     1 |       ||     1
Evoke: Wand              |       |       |     1 |     2 |     2 |     3 |     7 |     4 |    12 ||    31
       Fan of gales      |       |       |       |       |       |       |       |       |     1 ||     1
       Lamp of fire      |       |       |       |       |       |       |       |       |     1 ||     1
  Use: Scroll            |       |     5 |     3 |    20 |    13 |    11 |    14 |     9 |    33 ||   108
       Potion            |       |       |       |       |       |       |     3 |    10 |    11 ||    24
 Stab: Held in net/web   |       |     1 |       |       |       |       |       |       |       ||     1
       Paralysed         |       |       |     1 |       |       |       |     1 |       |       ||     2
       Confused          |       |       |       |       |     2 |     2 |       |     5 |     2 ||    11
       Distracted        |       |       |       |       |     1 |       |     1 |       |     1 ||     3
       Invisible         |       |       |       |       |       |       |       |    10 |     1 ||    11
  Eat: Chunk             |       |     6 |    10 |    17 |    38 |    11 |    20 |    21 |    14 ||   137
       Ration            |       |       |     2 |     5 |     3 |     7 |     5 |     5 |    16 ||    43
Armor: Leather armour    |    13 |     1 |       |       |       |       |       |       |       ||    14
       Ring mail         |       |    20 |       |       |       |       |       |       |       ||    20
       Chain mail        |       |    40 |   213 |   140 |       |       |       |       |       ||   393
       Plate armour      |       |       |       |   119 |       |       |       |       |       ||   119
       Storm dragon scal |       |       |       |    13 |   183 |       |       |       |       ||   196
       Crystal plate arm |       |       |       |       |   330 |   928 |   720 |   673 |   398 ||  3049
       Gold dragon scale |       |       |       |       |       |       |       |       |   664 ||   664
Dodge: Dodged            |    40 |    99 |   223 |   249 |   302 |   400 |   376 |   562 |  1084 ||  3335

Table legend:
 A = Non-vault XP
 B = Vault XP
 C = Vault XP percentage of total XP
 D = Non-vault monster count
 E = Vault monster count
 F = Vault count percentage of total count
                 A         B        C        D         E       F
            +---------+---------+-------+---------+---------+-------
      Total | 1018444 | 1006806 |  49.7 |    1790 |    1158 |  39.3
            +---------+---------+-------+---------+---------+-------
        D:1 |      56 |       0 |   0.0 |      20 |       0 |   0.0
        D:2 |     160 |      37 |  18.8 |      31 |       1 |   3.1
        D:3 |     221 |       0 |   0.0 |      29 |       0 |   0.0
        D:4 |     178 |     550 |  75.5 |       9 |      17 |  65.4
        D:5 |     399 |       0 |   0.0 |      14 |       0 |   0.0
        D:6 |     730 |     994 |  57.7 |      16 |      12 |  42.9
        D:7 |    1526 |    1657 |  52.1 |      36 |       4 |  10.0
        D:8 |    1048 |       0 |   0.0 |      18 |       0 |   0.0
        D:9 |    2013 |     301 |  13.0 |      24 |       1 |   4.0
       D:10 |    1199 |    3330 |  73.5 |      23 |      19 |  45.2
       D:11 |    5119 |       0 |   0.0 |      40 |       0 |   0.0
       D:12 |    5200 |       0 |   0.0 |      32 |       0 |   0.0
       D:13 |    4854 |       7 |   0.1 |      21 |       4 |  16.0
       D:14 |    8991 |     947 |   9.5 |      34 |       1 |   2.9
       D:15 |   16659 |    4208 |  20.2 |      56 |       9 |  13.8
     Lair:1 |    7137 |    2141 |  23.1 |      24 |       1 |   4.0
     Lair:2 |    9064 |       0 |   0.0 |      35 |       0 |   0.0
     Lair:3 |    8316 |       0 |   0.0 |      35 |       0 |   0.0
     Lair:4 |    2060 |    7414 |  78.3 |       7 |      21 |  75.0
     Lair:5 |    7981 |     215 |   2.6 |      20 |       6 |  23.1
     Lair:6 |   12611 |   14115 |  52.8 |      31 |      36 |  53.7
    Swamp:1 |   16668 |       0 |   0.0 |      32 |       0 |   0.0
    Swamp:2 |   10090 |       0 |   0.0 |      23 |       0 |   0.0
    Swamp:3 |   15644 |       0 |   0.0 |      46 |       0 |   0.0
    Swamp:4 |   18908 |   21009 |  52.6 |      37 |      30 |  44.8
    Snake:1 |    4114 |    1439 |  25.9 |      10 |       1 |   9.1
    Snake:2 |   26899 |   10968 |  29.0 |      44 |      14 |  24.1
    Snake:3 |   27726 |    4299 |  13.4 |      47 |       9 |  16.1
    Snake:4 |   13679 |   44782 |  76.6 |      26 |      59 |  69.4
    Slime:1 |    7319 |       0 |   0.0 |      10 |       0 |   0.0
    Slime:2 |    2703 |       0 |   0.0 |       6 |       0 |   0.0
    Slime:3 |    5618 |       0 |   0.0 |       9 |       0 |   0.0
    Slime:4 |   12716 |    3102 |  19.6 |      16 |       3 |  15.8
    Slime:5 |   10314 |   33076 |  76.2 |      15 |      16 |  51.6
      Orc:1 |    1526 |       0 |   0.0 |      20 |       0 |   0.0
      Orc:2 |    1260 |   16379 |  92.9 |      11 |      65 |  85.5
      Elf:1 |   18625 |    4581 |  19.7 |      28 |       7 |  20.0
      Elf:2 |   22295 |   25936 |  53.8 |      38 |      31 |  44.9
      Elf:3 |   17482 |   42594 |  70.9 |      30 |      28 |  48.3
   Vaults:1 |   26679 |   38939 |  59.3 |      55 |      51 |  48.1
   Vaults:2 |   22015 |   38992 |  63.9 |      38 |      53 |  58.2
   Vaults:3 |    9205 |   22623 |  71.1 |      16 |      34 |  68.0
   Vaults:4 |   42595 |   32359 |  43.2 |      72 |      47 |  39.5
   Vaults:5 |   33490 |  114883 |  77.4 |      44 |      82 |  65.1
    Crypt:1 |   27290 |   35923 |  56.8 |      40 |      51 |  56.0
    Crypt:2 |   22301 |    5271 |  19.1 |      33 |       1 |   2.9
    Crypt:3 |   45030 |   55577 |  55.2 |      49 |      57 |  53.8
   Depths:1 |   56895 |   26212 |  31.5 |      64 |      17 |  21.0
   Depths:2 |   43142 |   46970 |  52.1 |      49 |      44 |  47.3
   Depths:3 |       0 |   76933 | 100.0 |       0 |     101 | 100.0
   Depths:4 |   37391 |   34637 |  48.1 |      38 |      36 |  48.6
   Depths:5 |   24213 |   25306 |  51.1 |      26 |      14 |  35.0
      Zot:1 |   60480 |       0 |   0.0 |      41 |       0 |   0.0
      Zot:2 |   55860 |    7397 |  11.7 |      38 |       4 |   9.5
      Zot:3 |   39081 |       0 |   0.0 |      24 |       0 |   0.0
      Zot:4 |   66533 |    4227 |   6.0 |      37 |       2 |   5.1
      Zot:5 |   25490 |  182732 |  87.8 |      15 |      51 |  77.3
    Abyss:1 |   33679 |       0 |   0.0 |      78 |       0 |   0.0
    Abyss:2 |   17177 |       0 |   0.0 |      28 |       0 |   0.0
    Abyss:3 |     790 |    3639 |  82.2 |       2 |       9 |  81.8
      Sewer |       0 |     324 | 100.0 |       0 |      48 | 100.0
    Ossuary |       0 |     589 | 100.0 |       0 |      38 | 100.0
     Bailey |       0 |    5327 | 100.0 |       0 |       9 | 100.0
   Gauntlet |       0 |    3865 | 100.0 |       0 |      14 | 100.0
            +---------+---------+-------+---------+---------+-------
